 Dungeon Crawl Stone Soup version 0.21-a0-221-gfe971b9 (webtiles) character file.

72667 Gruud the Severer (level 15, -18/98 HPs)
             Began as a Demonspawn Assassin on Aug 26, 2017.
             Was a High Priest of Makhleb.
             Demolished by an enormous slime creature (41 damage)
             ... on level 13 of the Dungeon on Aug 27, 2017.
             The game lasted 01:41:50 (18986 turns).

Gruud the Severer (Demonspawn Assassin)            Turns: 18986, Time: 01:41:51

Health: -18/98     AC: 35    Str: 20    XL:     15   Next: 1%
Magic:  0/25       EV: 12    Int: 13    God:    Makhleb [*****.]
Gold:   1817       SH:  0    Dex: 20    Spells: 14/14 levels left

rFire    + . .     SeeInvis .   a - +1 battleaxe (flame)
rCold    + . .     Gourm    .   (shield currently unavailable)
rNeg     + . .     Faith    .   O - +10 plate armour of the Harp {Str+3}
rPois    +         Spirit   +   y - +1 helmet
rElec    .         Reflect  .   F - scarf {rC+ rF+}
rCorr    .         Harm     .   G - +0 pair of gloves
MR       +....                  (no boots)
Stlth    ..........             l - amulet of regeneration
HPRegen  0.66/turn              i - ring of poison resistance
MPRegen  0.38/turn              I - ring of positive energy

@: agile
A: hooves 2, iridescent scales 2, powered by pain 1, magic shield, magic
regeneration, magic link
a: Minor Destruction, Lesser Servant of Makhleb, Major Destruction, Greater
Servant of Makhleb, Renounce Religion


You were on level 13 of the Dungeon.
You worshipped Makhleb.
Makhleb was extremely pleased with you.
You were not hungry.

You visited 3 branches of the dungeon, and saw 21 of its levels.
You also visited: Ossuary.

You collected 2228 gold pieces.
You spent 411 gold pieces at shops.

Inventory:

Hand Weapons
 a - a +1 battleaxe of flaming (weapon)
 b - a +0 blowgun
 J - a +1 war axe of electrocution
 W - the +1 halberd of the Skies Above {freeze, +Fly Str+3 Dex+5}
   (You found it on level 3 of the Lair of Beasts)

   It has been specially enchanted to freeze those struck by it, causing extra
   injury to most foes and up to half again as much damage against particularly
   susceptible opponents.
   It can also slow down cold-blooded creatures.
   It affects your strength (+3).
   It affects your dexterity (+5).
   It lets you fly.
Missiles
 f - 5 curare-tipped needles
 C - 7 javelins (quivered)
Armour
 y - a +1 helmet (worn)
 F - a scarf of resistance (worn)
 G - a +0 pair of gloves (worn)
 O - the +10 plate armour of the Harp (worn) {Str+3}
   (You found it on level 7 of the Dungeon)

   It affects your strength (+3).
Jewellery
 i - a ring of poison resistance (left hand)
 l - an amulet of regeneration (around neck)
 p - an uncursed ring of see invisible
 r - an uncursed ring of wizardry
 B - an uncursed ring of protection from fire
 I - a ring of positive energy (right hand)
Wands
 d - a wand of paralysis (20/24)
 q - a wand of digging (9/24)
 x - a wand of iceblast (2/15)
 K - a wand of acid (7/15)
 X - a wand of lightning (8/15)
Scrolls
 c - 3 scrolls of blinking
 h - 4 scrolls of amnesia
 j - 11 scrolls of remove curse
 m - a scroll of identify
 A - 14 scrolls of teleportation
 L - 3 scrolls of enchant armour
 P - 3 scrolls of immolation
 R - 5 scrolls of enchant weapon
 T - 3 scrolls of recharging
 U - a scroll of fog
Potions
 e - 2 potions of invisibility
 o - 4 potions of might
 s - 4 potions of curing
 v - 8 potions of magic
 w - 5 potions of heal wounds
 z - 4 potions of brilliance
 D - 5 potions of mutation
 E - 4 potions of haste
 H - 5 potions of ambrosia
 M - a potion of berserk rage
 N - 5 potions of agility
 S - a potion of cancellation
 Z - 2 potions of resistance
Comestibles
 g - 12 bread rations
 k - 13 royal jellies
 n - 19 fruits
 t - 6 chunks of flesh
 u - 11 meat rations


   Skills:
 - Level 3.0 Fighting
   Level 1.7 Short Blades
 * Level 15.6 Axes
 - Level 1.7 Throwing
 * Level 14.8 Armour
 - Level 0.8 Dodging
 - Level 3.6 Stealth
 + Level 14.2 Invocations


You had 14 spell levels left.
You didn't know any spells.

Dungeon Overview and Level Annotations

Branches:
Dungeon (13/15)              Lair (6/6) D:11         Shoals (0/4) Lair:2
 Spider (0/4) Lair:3        Slime (0/5) Lair:5          Orc (2/2) D:10
    Elf (0/3) Orc:2
 Temple: D:4-7       Vaults: D:13-14

Altars:
Ashenzari
Elyvilon
Fedhas
Gozag
Hepliaklqana
Makhleb
Qazlal
Ru
Sif Muna
Uskayaw
Vehumet
Wu Jian
Xom
Zin
Beogh
Jiyva

Shops:
D:11 =   Orc:2 %:*[

Portals:
Trove: D:10 (give 10 potions of heal wounds)

Annotations:
D:4 Moloch's ghost, amateur DsFi
D:13 Azrael
Lair:4 exclusion: 4 oklob plants


Innate Abilities, Weirdness & Mutations

You have hoof-like feet.
You are mostly covered in iridescent scales. (AC +4)
You sometimes gain a little power by taking damage.
When hurt, damage is shared between your health and your magic reserves.
You regenerate magic rapidly.
When low on magic, you restore magic in place of health.


Message History

You hit the enormous slime creature. You burn the enormous slime creature.
You kick the enormous slime creature, but do no damage.
The enormous slime creature is heavily wounded.
You hit the enormous slime creature. You burn the enormous slime creature.
You kick the enormous slime creature!
The enormous slime creature is heavily wounded.
The enormous slime creature hits you!!
You slash the enormous slime creature! You burn the enormous slime creature.
The enormous slime creature is severely wounded.
The enormous slime creature closely misses you.
You hit the enormous slime creature. You burn the enormous slime creature.
You kick the enormous slime creature.
The enormous slime creature is severely wounded.
The enormous slime creature hits you!!
* * * LOW HITPOINT WARNING * * *
You hit the enormous slime creature but do no damage.
Your kick misses the enormous slime creature.
The enormous slime creature is severely wounded.
The enormous slime creature hits you!!!
You die...

#.# #. #.#
#.## #.#
...# #.#
..# #.# >.#
#.# #.# #.#
#J# #.# #@#
#.# #.# #.#
#.#######.#
#.........#
###########


You could see an enormous slime creature.

Vanquished Creatures
  An orc warlord (Orc:1)
  2 centaur warriors
  3 hydras
  6 death yaks
  3 two-headed ogres
  Urug (Lair:2)
  Sonja (D:13)
  2 lindwurms
  2 orc knights
  An ugly thing (D:12)
  A deep elf mage (D:13)
  2 orc sorcerers (Orc:1)
  4 oklob plants (Lair:6)
  3 manticores
  6 elephants (Lair:6)
  Maurice (D:10)
  2 merfolk sirens (Lair:2)
  5 black mambas
  A torpor snail (Lair:4)
  5 spiny frogs
  5 rime drakes
  8 komodo dragons
  A queen bee (Lair:4)
  3 meliai (Lair:4)
  5 trolls
  2 merfolk (Lair:2)
  A polar bear (Lair:6)
  12 dream sheep
  8 hippogriffs
  7 slime creatures
  19 blink frogs
  A meliai zombie (D:13)
  35 yaks
  A spriggan (D:8)
  2 wyverns
  4 fire elementals
  2 basilisks
  5 vampire mosquitoes
  4 wargs
  An acid dragon (D:11)
  10 water moccasins
  5 porcupines
  3 ice beasts
  3 black bears
  2 sky beasts
  37 orc warriors
  A phantom (D:13)
  14 ogres
  10 wolves
  13 centaurs
  10 crocodiles
  3 elf zombies (D:8)
  18 bullfrogs
  A water moccasin zombie (D:6)
  4 scorpions
  58 killer bees
  7 wights
  7 howler monkeys
  An electric eel (D:8)
  6 crimson imps
  3 bullfrog zombies
  2 hounds (D:12)
  7 jellies
  2 human zombies
  27 orc wizards
  16 orc priests
  3 bullfrog skeletons
  2 centaur skeletons
  3 iguanas
  9 worker ants
  3 big kobold zombies (Ossuary)
  3 mummies (Ossuary)
  A worker ant zombie (D:9)
  Robin (D:2)
  13 gnolls
  7 adders
  3 shadow imps
  An ooze (D:1)
  An adder skeleton (D:7)
  5 worms
  2 dart slugs
  4 leopard geckos
  112 orcs
  2 ball pythons
  7 bats
  2 giant cockroaches
  21 goblins
  12 hobgoblins
  15 jackals
  7 kobolds
  2 quokkas
  7 frilled lizards
  A hobgoblin zombie (Ossuary)
  A kobold zombie (Ossuary)
  A leopard gecko skeleton (D:7)
  An orc skeleton (D:8)
  3 orc zombies
  14 rats
  3 fungi
  3 plants (Lair:6)
723 creatures vanquished.

Vanquished Creatures (collateral kills)
  Saint Roka (Orc:1)
  3 hydras
  A catoblepas (Lair:6)
  A centaur warrior (D:10)
  A two-headed ogre (D:10)
  3 death yaks (Lair:6)
  A deep troll shaman (Lair:6)
  An orc knight (Orc:2)
  2 ugly things (D:11)
  A cyclops (D:12)
  An orc sorcerer (Orc:2)
  A centaur skeleton (D:11)
  A hornet (D:12)
  A blink frog (Lair:2)
  4 slime creatures
  7 yaks
  A wyvern (D:12)
  A basilisk (Lair:2)
  A steam dragon (D:11)
  A warg (D:11)
  2 water moccasins
  An ice beast (D:10)
  2 orc warriors (Orc:2)
  A sky beast (D:9)
  2 centaurs
  An ogre (D:12)
  2 crocodiles (Lair:2)
  4 killer bees
  3 wights (D:10)
  A howler monkey (D:11)
  A crimson imp (D:12)
  A hound (D:10)
  7 orc priests
  2 iguanas (D:11)
  7 orc wizards
  2 adders (D:11)
  A leopard gecko (D:11)
  23 orcs
  A quokka (D:10)
98 creatures vanquished.

Vanquished Creatures (others)
  A centaur (Orc:2)
  An orc priest (Orc:2)
  An orc wizard (D:10)
  A bullfrog skeleton (D:13)
  A quokka (D:7)
  6 fungi
  3 plants
  5 toadstools (D:1)
19 creatures vanquished.

Grand Total: 840 creatures vanquished

Notes
Turn   | Place    | Note
-------+----------+-------------------------------------------
     0 | D:1      | Gruud the Demonspawn Assassin began the quest for the Orb.
     0 | D:1      | Reached XP level 1. HP: 16/16 MP: 1/1
   130 | D:1      | Gained mutation: You are partially covered in iridescent scales. (AC +2) [demonic ancestry]
   130 | D:1      | Reached XP level 2. HP: 13/23 MP: 2/2
   850 | D:2      | Reached skill level 1 in Axes
   922 | D:2      | Found a stormy altar of Qazlal.
   923 | D:2      | Found a sacrificial altar of Ru.
   961 | D:2      | Reached XP level 3. HP: 29/29 MP: 3/3
  1035 | D:2      | Reached skill level 2 in Axes
  1250 | D:2      | Gained mutation: When hurt, damage is shared between your health and your magic reserves. [demonic ancestry]
  1250 | D:2      | Reached XP level 4. HP: 31/35 MP: 4/4
  1267 | D:2      | Found an ornate altar of the Wu Jian Council.
  1394 | D:2      | Reached skill level 3 in Axes
  1448 | D:2      | Noticed Robin
  1494 | D:2      | Killed Robin
  1660 | D:3      | Gained mutation: You are mostly covered in iridescent scales. (AC +4) [demonic ancestry]
  1660 | D:3      | Reached XP level 5. HP: 38/41 MP: 5/5
  1701 | D:3      | Reached skill level 4 in Axes
  1943 | D:3      | Found a hide-covered altar of Uskayaw.
  1955 | D:3      | Found an opulent altar of Gozag.
  2169 | D:3      | Found a shimmering altar of Xom.
  2173 | D:3      | Gained mutation: You regenerate magic rapidly. [demonic ancestry]
  2173 | D:3      | Reached XP level 6. HP: 47/47 MP: 6/6
  2261 | D:3      | Found a hazy altar of Hepliaklqana.
  2363 | D:3      | Reached skill level 5 in Axes
  2569 | D:4      | Found a shattered altar of Ashenzari.
  2570 | D:4      | Found a burning altar of Makhleb.
  2574 | D:4      | Became a worshipper of Makhleb the Destroyer
  2607 | D:4      | Reached skill level 1 in Invocations
  2718 | D:4      | Noticed Moloch's ghost (amateur DsFi)
  2729 | D:4      | You fall through a shaft!
  2729 | D:5      | Entered Level 5 of the Dungeon
  2910 | D:5      | Reached skill level 1 in Armour
  2920 | D:5      | Reached XP level 7. HP: 18/52 MP: 3/8
  3228 | D:5      | Reached skill level 6 in Axes
  3349 | D:5      | Reached * piety under Makhleb
  3677 | D:4      | Reached XP level 8. HP: 41/58 MP: 6/11
  4137 | D:6      | Reached skill level 7 in Axes
  4351 | D:6      | Found a blossoming altar of Fedhas.
  4408 | D:6      | Reached skill level 5 in Invocations
  4558 | D:7      | Found a white marble altar of Elyvilon.
  4651 | D:7      | Got a scorched plate armour
  4662 | D:7      | Identified the +10 plate armour of the Harp {Str+3} (You found it on level 7 of the Dungeon)
  5050 | D:8      | Noticed a two-headed ogre
  5060 | D:8      | Killed a two-headed ogre
  5060 | D:8      | Reached skill level 8 in Axes
  5060 | D:8      | Reached skill level 5 in Armour
  5060 | D:8      | Reached XP level 9. HP: 63/63 MP: 11/13
  5073 | D:8      | Reached ** piety under Makhleb
  5193 | D:8      | Found a sand-covered staircase.
  5234 | Ossuary  | Entered an ossuary
  5746 | D:8      | Reached skill level 9 in Axes
  6321 | D:8      | Reached *** piety under Makhleb
  6475 | D:9      | Reached XP level 10. HP: 70/70 MP: 15/15
  6919 | D:9      | Found a glowing silver altar of Zin.
  6971 | D:9      | Reached skill level 10 in Axes
  7137 | D:9      | Found a deep blue altar of Sif Muna.
  7270 | D:10     | Entered Level 10 of the Dungeon
  7462 | D:10     | Found a portal to a secret trove of treasure.
  7498 | D:10     | Reached **** piety under Makhleb
  7613 | D:10     | Noticed a two-headed ogre
  7628 | D:10     | Killed a two-headed ogre
  7750 | D:10     | Noticed Maurice
  7756 | D:10     | Noticed a centaur warrior
  7763 | D:10     | Killed Maurice
  7766 | D:10     | Killed a centaur warrior
  7766 | D:10     | Reached XP level 11. HP: 47/75 MP: 13/17
  7900 | D:10     | Found a staircase to the Orcish Mines.
  8080 | D:11     | Reached skill level 11 in Axes
  8131 | D:11     | HP: 1/75 [orc priest/divine providence (13)]
  8132 | D:11     | Noticed an eight-headed hydra
  8158 | D:11     | Reached ***** piety under Makhleb
  8286 | D:11     | Found Ediwnos's Jewellery Shoppe.
  8432 | D:11     | Killed an eight-headed hydra
  8432 | D:11     | Reached skill level 10 in Armour
  8446 | D:11     | Found a staircase to the Lair.
  8737 | D:11     | Noticed a white ugly thing
  8747 | D:11     | Killed a white ugly thing
  8845 | D:11     | Noticed a green ugly thing
  8851 | D:11     | Killed a green ugly thing
  9098 | D:12     | Paralysed by a hornet for 1 turns
  9164 | D:12     | Noticed a centaur warrior
  9177 | D:12     | Killed a centaur warrior
  9177 | D:12     | Reached skill level 10 in Invocations
  9212 | D:12     | Reached skill level 12 in Axes
  9421 | D:12     | Gained mutation: You have large cloven feet. [demonic ancestry]
  9421 | D:12     | Reached XP level 12. HP: 61/81 MP: 17/19
  9521 | D:12     | Noticed a two-headed ogre
  9546 | D:12     | Killed a two-headed ogre
  9822 | D:13     | Noticed a two-headed ogre
  9828 | D:13     | Killed a two-headed ogre
  9911 | D:13     | Noticed a centaur warrior
  9932 | D:13     | Noticed a catoblepas
  9932 | D:13     | Killed a centaur warrior
  9964 | Lair:1   | Entered Level 1 of the Lair of Beasts
 10912 | Lair:2   | Reached skill level 13 in Axes
 10946 | Lair:2   | Found a staircase to the Shoals.
 10967 | Lair:2   | Noticed Urug
 10986 | Lair:2   | Killed Urug
 12195 | Lair:3   | Gained mutation: When low on magic, you restore magic in place of health. [demonic ancestry]
 12195 | Lair:3   | Reached XP level 13. HP: 86/86 MP: 21/21
 12284 | Lair:3   | Found a hole to the Spider Nest.
 12317 | Lair:3   | Got a bloodstained halberd
 12337 | Lair:3   | Identified the cursed +1 halberd of the Skies Above {freeze, +Fly Str+3 Dex+5} (You found it on level 3 of the Lair of Beasts)
 13511 | Lair:4   | Reached skill level 14 in Axes
 14066 | Lair:5   | Found a staircase to the Slime Pits.
 14066 | Lair:5   | Found a viscous altar of Jiyva.
 14779 | Lair:6   | Entered Level 6 of the Lair of Beasts
 14924 | Lair:6   | Reached ****** piety under Makhleb
 15175 | Lair:6   | Gained mutation: You have hoof-like feet. [demonic ancestry]
 15175 | Lair:6   | Reached XP level 14. HP: 69/93 MP: 19/23
 15932 | Lair:6   | Got an ancient quarterstaff
 16312 | Lair:1   | Reached skill level 15 in Axes
 16411 | Orc:1    | Entered Level 1 of the Orcish Mines
 16417 | Orc:1    | Found a runed door.
 16449 | Orc:1    | Found a roughly hewn altar of Beogh.
 16671 | Orc:1    | Found a roughly hewn altar of Beogh.
 16724 | Orc:2    | Entered Level 2 of the Orcish Mines
 16731 | Orc:2    | Noticed Saint Roka
 16881 | Orc:1    | Paralysed by an orc sorcerer for 4 turns
 17039 | Orc:2    | Found a staircase to the Elven Halls.
 17114 | Orc:2    | Noticed an orc warlord
 17502 | Orc:1    | Killed Saint Roka
 17614 | Orc:1    | Killed an orc warlord
 17637 | Orc:2    | Paralysed by an orc sorcerer for 6 turns
 17736 | Orc:2    | Found a radiant altar of Vehumet.
 18232 | Orc:2    | Found Sejos's Book Shoppe.
 18232 | Orc:2    | Found Nahaloro's General Store.
 18234 | Orc:2    | Found Nybos's Antique Armour Shop.
 18236 | Orc:2    | Found Poshrao's Food Emporium.
 18243 | Orc:2    | Bought an embroidered cloak for 225 gold pieces
 18267 | Orc:2    | Bought 2 potions of might for 96 gold pieces
 18267 | Orc:2    | Bought a scroll of enchant weapon for 90 gold pieces
 18476 | D:13     | Noticed Sonja
 18491 | D:13     | Killed Sonja
 18665 | D:13     | Noticed Azrael
 18701 | D:12     | Gained mutation: You sometimes gain a little power by taking damage. [demonic ancestry]
 18701 | D:12     | Reached XP level 15. HP: 33/98 MP: 18/25
 18986 | D:13     | Demolished by an enormous slime creature

Vault maps used:
D:1:      ldierk_walled_garden, corexii_item_surrounded_by_moat
D:2:      nicolae_overflow_hidden_temple, minitemple, lemuel_round_altar,
          uniq_robin
D:3:      tgw_xom, chequers_temple_overflow_statue_of_worship,
          lemuel_doored_altar, minmay_door_square
D:4:      gammafunk_temple_overflow_statue, minmay_temple_entry_enclosed_plants,
          first_bread
D:5:      roderic_lattice_a, minivault_4
D:6:      lemuel_round_altar
D:7:      elyvilon_altar_4
D:8:      nicolae_ossuary_entry_catacombs, the_bakery
D:9:      lemuel_round_altar, nicolae_overflow_crystal_walls
D:10:     orc_0_dummy, special_room, enter_trove_0, uniq_maurice
D:11:     erik_lair_orcish_takeover, serial_shops, shop
D:13:     kennysheep_snake, uniq_josephine, uniq_azrael, uniq_sonja
Lair:2:   elwin_shoals_entry_stream, uniq_urug
Lair:3:   dummy_spider_entry, minmay_hedge_maze
Lair:4:   hangedman_what_comes_after_a
Lair:5:   slime_altar_1, lemuel_fruit_fields
Lair:6:   grunt_lair_end_beastmaster, minmay_lair_oklob_chamber,
          grunt_megastairs_2, lemuel_fruit_fields, serial_bayou_shore_a
Orc:1:    basic_altar, lightli_church_of_beogh
Orc:2:    st_orc_rangers, special_room, basic_altar,
          portal_ice_cave_entry_pillars_2, uniq_saint_roka
Ossuary:  ossuary_crypta

Skill      XL: |  1  2  3  4  5  6  7  8  9 10 11 12 13 14 |
---------------+-------------------------------------------+-----
Fighting       | 3 |  3.0
Axes           | 1 2 3 4 5 6 8 9 10 12 13 14 15 | 15.6
Invocations    | 2 4 6 7 8 10 11 13 14 | 14.2
Armour         | 1 3 5 7 9 10 12 13 14 | 14.8
Short Blades   | |  1.7
Throwing       | |  1.7
Dodging        | |  0.8
Stealth        | |  3.6

Action                   |  1- 3 |  4- 6 |  7- 9 | 10-12 | 13-15 || total
-------------------------+-------+-------+-------+-------+-------++-------
Melee: Dagger            |   156 |     6 |       |       |       ||   162
       Short sword       |       |   290 |   380 |       |       ||   670
       Morningstar       |       |       |   151 |   186 |       ||   337
       War axe           |       |       |       |   946 |   619 ||  1565
       Unarmed           |       |       |       |     4 |       ||     4
       Kick              |       |       |       |   108 |   355 ||   463
       Battleaxe         |       |       |       |       |   455 ||   455
 Fire: Blowgun           |    11 |     4 |    17 |     3 |       ||    35
Throw: Javelin           |       |       |       |       |     1 ||     1
Invok: Lesser Servant of |       |       |       |    29 |    18 ||    47
       Major Destruction |       |       |       |     4 |     8 ||    12
       Minor Destruction |       |       |       |       |     4 ||     4
       Greater Servant o |       |       |       |       |     4 ||     4
Evoke: Wand              |       |       |       |     5 |    13 ||    18
  Use: Scroll            |     1 |     7 |    13 |     8 |    12 ||    41
       Potion            |       |       |       |     6 |     2 ||     8
 Stab: Sleeping          |     4 |     3 |       |       |       ||     7
       Distracted        |       |     1 |       |     5 |     5 ||    11
       Invisible         |       |       |       |     3 |     6 ||     9
       Paralysed         |       |       |       |       |     3 ||     3
  Eat: Chunk             |     1 |     6 |    13 |    20 |    19 ||    59
       Fruit             |       |       |       |       |     5 ||     5
Armor: Robe              |    50 |    37 |       |       |       ||    87
       Leather armour    |       |    62 |       |       |       ||    62
       Chain mail        |       |    26 |   109 |       |       ||   135
       Plate armour      |       |       |   270 |  1154 |  1030 ||  2454
Dodge: Dodged            |    79 |   160 |   159 |   434 |   437 ||  1269

Table legend:
 A = Spawn XP
 B = Non-spawn XP
 C = Spawn XP percentage of total XP
 D = Spawn monster count
 E = Non-spawn monster count
 F = Spawn count percentage of total count
 G = Total turns spent on level
                    A         B        C        D         E        F      G
               +---------+---------+-------+---------+---------+-------+---------
         Total |    7941 |   95870 |   7.6 |      51 |     766 |   6.2 | 18986
               +---------+---------+-------+---------+---------+-------+---------
           D:1 |       4 |      24 |  14.3 |       2 |      13 |  13.3 |   836
           D:2 |      18 |     121 |  12.9 |       3 |      46 |   6.1 |   761
           D:3 |      19 |     212 |   8.2 |       7 |      41 |  14.6 |   921
           D:4 |       0 |     328 |   0.0 |       0 |      10 |   0.0 |   453
           D:5 |       0 |     836 |   0.0 |       0 |      25 |   0.0 |  1011
           D:6 |       0 |     628 |   0.0 |       0 |      16 |   0.0 |   515
           D:7 |       0 |     216 |   0.0 |       0 |      10 |   0.0 |   545
           D:8 |     275 |    3238 |   7.8 |       5 |      36 |  12.2 |  1371
           D:9 |      40 |    2026 |   1.9 |       3 |      30 |   9.1 |   538
          D:10 |     238 |    3558 |   6.3 |       3 |      61 |   4.7 |   871
          D:11 |     363 |    4909 |   6.9 |       4 |      53 |   7.0 |   892
          D:12 |    1979 |    7789 |  20.3 |       4 |      52 |   7.1 |  1094
          D:13 |       0 |    7071 |   0.0 |       0 |      35 |   0.0 |   537
        Lair:1 |     693 |    1120 |  38.2 |       3 |       4 |  42.9 |   772
        Lair:2 |     683 |    5986 |  10.2 |       2 |      24 |   7.7 |  1363
        Lair:3 |       0 |    3089 |   0.0 |       0 |      18 |   0.0 |   737
        Lair:4 |    2147 |   14327 |  13.0 |       8 |      70 |  10.3 |  1346
        Lair:5 |     266 |    3287 |   7.5 |       1 |      17 |   5.6 |   719
        Lair:6 |     924 |   22200 |   4.0 |       1 |      59 |   1.7 |  1446
         Orc:1 |     292 |    8997 |   3.1 |       5 |      67 |   6.9 |  1170
         Orc:2 |       0 |    5724 |   0.0 |       0 |      68 |   0.0 |   769
       Ossuary |       0 |     184 |   0.0 |       0 |      11 |   0.0 |   319
               +---------+---------+-------+---------+---------+-------+---------
